Map: Abyssal Reef LE

Players

Vlign

  • Race: Terran Terran
  • League: Diamond
  • Spawn Location: 11:00

A.I. 1 (Elite) - Winner!

  • Race: Zerg Zerg
  • Spawn Location: 5:00

VOD

Have the link to the VOD?

Description

Time

  • Played on: July 18, 2018, 1:36 a.m.
  • Length: 6:13
Show
View Real Time Build Order
Export as new Build Order

Vlign Terran 

Build Orders: Cyclone Opening 

Get SALT Encoding   

  12  0:01  SCV  
  13  0:13  SCV  
  14  0:29  Supply Depot  
  14  0:30  SCV  
  14  0:34  Refinery  
  15  0:51  SCV  
  16  0:58  Barracks  
  16  1:03  SCV  
  17  1:15  SCV  
  18  1:18  Refinery  
  18  1:27  SCV  
  20  1:45  Orbital Command  
  20  1:46  Reaper  
  20  1:52  Command Center  
  20  2:02  Factory  
  20  2:09  Supply Depot  
  20  2:12  SCV  
  21  2:19  Barracks Reactor  
  21  2:24  SCV  
  21  2:29  Refinery  
  22  2:36  SCV  
  23  2:38  Barracks  
  23  2:48  SCV  
  26  2:55  Cyclone  
  26  2:57  Marine x2  
  29  3:00  SCV  
  30  3:07  Orbital Command  
  30  3:13  SCV  
  31  3:21  Marine  
  31  3:22  Marine  
  31  3:26  SCV  
  34  3:30  Barracks Tech Lab  
  34  3:32  Starport  
  34  3:34  SCV  
  35  3:39  Factory Reactor, Marine x2  
  35  3:41  SCV  
  38  3:46  SCV  
  39  3:53  SCV, Marine  
  41  3:57  Marine x2  
  41  3:58  SCV  
  41  4:01  Stimpack  
  44  4:05  SCV  
  45  4:10  Supply Depot x2, SCV  
  46  4:31  Medivac, Marine x3  
  46  4:32  SCV x2  
  46  4:33  Factory Tech Lab  
  53  4:41  Medivac  
  55  4:49  SCV, Marine x3  
  55  4:50  SCV  
  55  4:52  Command Center  
  60  5:01  SCV  
  60  5:05  Refinery  
  61  5:07  Marine  
  62  5:29  Barracks  
  62  5:30  Barracks  
  62  5:40  Barracks  
  62  5:42  Marine x3  
  62  5:43  SCV x2  
  70  5:54  Starport Reactor  
Show
View Real Time Build Order
Export as new Build Order

A.I. 1 (Elite) Zerg - Winner!

Build Orders: Pool First 

Get SALT Encoding   

  12  0:00  Drone  
  13  0:12  Overlord  
  13  0:16  Drone  
  14  0:31  Drone x2  
  16  0:42  Spawning Pool  
  15  0:45  Drone  
  15  0:48  Drone  
  17  1:13  Hatchery, Drone  
  17  1:16  Extractor  
  16  1:19  Drone  
  16  1:21  Extractor  
  16  1:25  Drone  
  17  1:29  Drone  
  18  1:38  Drone  
  19  1:49  Overlord  
  19  1:56  Queen  
  21  2:02  Zergling x2  
  22  2:11  Drone  
  23  2:25  Queen  
  25  2:30  Drone  
  26  2:38  Drone  
  26  2:41  Drone  
  28  2:45  Drone  
  28  2:59  Roach Warren  
  28  3:00  Drone  
  28  3:04  Drone  
  29  3:07  Drone  
  29  3:10  Zergling x2  
  31  3:13  Zergling x2  
  31  3:19  Zergling x2  
  32  3:22  Overlord  
  32  3:26  Drone  
  33  3:29  Drone  
  34  3:40  Roach x2  
  38  3:42  Roach  
  38  3:46  Roach  
  42  3:54  Lair  
  42  3:59  Overlord  
  42  4:05  Overlord  
  42  4:07  Zergling x2  
  43  4:18  Zergling x4, Drone x2  
  43  4:20  Drone  
  43  4:22  Drone  
  49  4:25  Drone  
  49  4:29  Overlord  
  50  4:34  Roach  
  50  4:37  Roach  
  54  4:40  Roach  
  54  4:44  Roach  
  58  4:47  Overlord  
  58  4:54  Hydralisk Den, Drone  
  58  4:56  Drone  
  58  4:58  Drone  
  60  5:01  Roach  
  62  5:07  Drone  
  62  5:09  Drone  
  62  5:11  Drone  
  62  5:13  Drone  
  66  5:17  Overlord  
  66  5:18  Drone  
  68  5:21  Drone  
  68  5:23  Drone  
  68  5:24  Drone  
  68  5:26  Hydralisk, Drone  
  73  5:29  Hydralisk  
  73  5:34  Hydralisk  
  73  5:35  Drone  
  78  5:38  Overlord  
  78  5:41  Hydralisk  
  80  5:43  Drone  
  80  5:44  Drone  
  80  5:49  Drone  
  83  5:54  Drone  
Tags
 
Add a new tag
Caveats
  • Supply blocks, unpowered buildings, or Contaminate may cause inaccurate times.
  • Supply counts are checked every 10 seconds.